 Dungeon Crawl Stone Soup version 0.26.0-10-g1f06aea511 (webtiles) character file.

Game seed: 7151134723097275818

116 Borgoz the Ducker (level 5, -5/44 HPs)
             Began as a Ghoul Gladiator on Jan 15, 2021.
             Slain by emiel's ghost (7 damage)
             ... on level 3 of the Dungeon.
             The game lasted 00:02:33 (1880 turns).

Borgoz the Ducker (Ghoul Gladiator)                 Turns: 1880, Time: 00:02:33

Health: -5/44      AC:  9    Str: 18    XL:     5   Next: 1%
Magic:  4/4        EV:  8    Int:  3    God:
Gold:   227        SH:  0    Dex: 11    Spells: 4/4 levels left

rFire    . . .     SeeInvis .   a - +0 long sword
rCold    + . .     Faith    .   (no shield)
rNeg     + + +     Spirit   .   g - +0 chain mail (curse)
rPois    ∞         Reflect  .   c - +0 helmet
rElec    .         Harm     .   (no cloak)
rCorr    .         Rampage  .   (no gloves)
Will     .....                  (no boots)
Stlth    ..........             (no amulet)
HPRegen  0.00/turn              (no ring)
MPRegen  0.09/turn              (no ring)

@: attractive
A: claws 1, cold resistance 1, negative energy resistance 3, inhibited
regeneration, torment resistance, unbreathing
a: no special abilities


You were on level 3 of the Dungeon.
You visited 1 branch of the dungeon, and saw 3 of its levels.

You collected 227 gold pieces.

Inventory:

Hand Weapons
 a - a +0 long sword (weapon)
Missiles
 d - 3 throwing nets (quivered)
Armour
 c - a +0 helmet (worn)
 g - a cursed +0 chain mail (worn)
Scrolls
 b - a scroll of fog {unknown}
 h - a scroll of enchant armour {unknown}
 k - 2 scrolls of identify {unknown}
 l - 3 scrolls of immolation {unknown}
 n - a scroll of amnesia {unknown}
 o - a scroll of blinking
 p - a scroll of teleportation
 q - a scroll of enchant weapon {unknown}
 r - a scroll of remove curse {unknown}
Potions
 e - 3 potions of attraction
 f - 2 potions of heal wounds
 i - a potion of haste {unknown}
 j - a potion of curing {unknown}
 m - a potion of flight {unknown}


   Skills:
 + Level 2.9 Fighting
 * Level 3.5 Long Blades
 - Level 1.7 Throwing
 + Level 1.4 Armour
 * Level 3.6 Dodging


You had 4 spell levels left.
You didn't know any spells.
Your spell library was empty.

Dungeon Overview and Level Annotations

Branches:
Dungeon (3/15)

Altars:
Makhleb

Annotations:
D:3 emiel's ghost, amateur DsWn


Innate Abilities, Weirdness & Mutations

You thrive by killing the living.
You are immune to poison.
You have sharp fingernails.
Your flesh is cold resistant. (rC+)
You are immune to negative energy. (rN+++)
You do not regenerate when monsters are visible.
You are immune to unholy pain and torment.
You can survive without breathing.


Message History

Emiel's ghost hits you.
You barely miss emiel's ghost.
Emiel's ghost is severely damaged.
Emiel's ghost closely misses you.
You barely miss emiel's ghost.
Emiel's ghost is severely damaged.
Emiel's ghost hits you.
You closely miss emiel's ghost.
Emiel's ghost is severely damaged.
Emiel's ghost hits you but does no damage.
You hit emiel's ghost but do no damage.
Emiel's ghost is severely damaged.
Emiel's ghost hits you!
* * * LOW HITPOINT WARNING * * *
Emiel's ghost hits you!
* * * LOW HITPOINT WARNING * * *
You hit emiel's ghost.
Emiel's ghost is almost destroyed.
Emiel's ghost hits you!
You die...

#....#.. #....#..
#....#.. #....#..
###########.......
#.#8..(.#.........
#.#...♣.#.#....#..
##.'.(...###....#..
#.@W.[..(#....#....
###..'..(..#..#....##
##....#(...(#.......##
#..##.#.....###....###
#...###########.....##
#..#.#
#.##...###..#..#
#.##.#
#.####...#.##..# #.
#.# #.# ###...##... #.
#.###.# ##.[##...


You could see emiel's ghost.

Vanquished Creatures
  A hound (D:3)
  3 adders (D:2)
  An ooze (D:1)
  A worm (D:2)
  A leopard gecko (D:2)
  3 orcs (D:3)
  2 giant cockroaches
  6 goblins
  9 hobgoblins
  3 jackals (D:3)
  3 kobolds
  4 bats
  A frilled lizard (D:1)
  8 rats
46 creatures vanquished.

Notes
Turn   | Place    | Note
-------+----------+-------------------------------------------
     0 | D:1      | Borgoz the Ghoul Gladiator began the quest for the Orb.
     0 | D:1      | Reached XP level 1. HP: 17/17 MP: 0/0
   123 | D:1      | Reached XP level 2. HP: 13/24 MP: 1/1
   725 | D:1      | Reached XP level 3. HP: 11/30 MP: 2/2
  1186 | D:2      | Reached skill level 1 in Armour
  1340 | D:2      | Reached XP level 4. HP: 37/37 MP: 3/3
  1697 | D:3      | Found a burning altar of Makhleb.
  1780 | D:3      | Reached XP level 5. HP: 44/44 MP: 4/4
  1850 | D:3      | Found a runed translucent gate.
  1851 | D:3      | Found a runed translucent gate.
  1851 | D:3      | Found a runed translucent gate.
  1853 | D:3      | Noticed emiel's ghost (amateur DsWn)
  1879 | D:3      | HP: 2/44 [emiel's ghost (7)]
  1880 | D:3      | Slain by emiel's ghost

Illustrated notes

Levels and vault maps discovered:
D:1:      psy_arrival_radial01, layout_basic
D:2:      layout_rooms
D:3:      layout_rooms, makhleb_blood_cavern_becter, ebering_ghost_rock_garden,
          minmay_fractal_squares_gapless_5

Skill      XL: |  1  2  3 |
---------------+----------+-----
Long Blades    | 3 |  3.5
Dodging        | 3 |  3.6
Armour         | 1 |  1.4
Fighting       | |  2.9
Throwing       | |  1.7

Action                   |  1- 3 |  4- 6 || total
-------------------------+-------+-------++-------
Melee: Long sword        |    87 |    62 ||   149
  Use: Scroll            |     4 |       ||     4
       Potion            |       |     2 ||     2
Armor: Leather armour    |    12 |       ||    12
       Chain mail        |    31 |    36 ||    67
Dodge: Dodged            |    62 |    32 ||    94
       Rpst.: Long sword |    19 |     9 ||    28
